 Dungeon Crawl Stone Soup version 0.29.1-15-g9cfb28693d (webtiles) character file.

Game seed: 6581272872054717107

2 ThatPearl the Sneak (level 1, 0/9 HPs)
             Began as a Spriggan Enchanter on Mar 11, 2023.
             Frozen to death by an endoplasm (5 damage)
             ... on level 1 of the Dungeon.
             The game lasted 00:01:50 (155 turns).

ThatPearl the Sneak (Spriggan Enchanter)             Turns: 155, Time: 00:01:51

Health: 0/9        AC:  2    Str:  4    XL:     1   Next: 33%
Magic:  5/5        EV: 17    Int: 16    God:
Gold:   16         SH:  0    Dex: 15    Spells: 5/5 levels left

rFire   . . .      SeeInvis +   a - +1 dagger
rCold   . . .      Faith    .   (no shield)
rNeg    . . .      Spirit   .   b - +0 robe
rPois   .          Reflect  .   (helmet restricted)
rElec   .          Harm     .   (no cloak)
rCorr   .          Rampage  .   (gloves unavailable)
Will    .....                   (boots unavailable)
Stlth   +++.......              (no amulet)
HPRegen 0.03/turn               (no ring)
MPRegen 0.09/turn               (no ring)

@: very quick
A: very small, no large weapons, unfitting armour, see invisible, speed 3
a: no special abilities


You were on level 1 of the Dungeon.
You visited 1 branch of the dungeon, and saw 1 of its levels.

You collected 16 gold pieces.

Inventory:

Hand Weapons
 a - a +1 dagger (weapon)
Missiles
 d - 5 poisoned darts (quivered)
Armour
 b - a +0 robe (worn)
Potions
 c - 2 potions of invisibility


   Skills:
 + Level 0.1 Fighting
 + Level 1.2 Short Blades
 - Level 2.6 Dodging
 + Level 4.4 Stealth
 + Level 2.7 Spellcasting
 + Level 3.6 Hexes


You had 5 spell levels left.
You didn't know any spells.
Your spell library contained the following spells:

 Spells                   Type           Power      Damage    Failure   Level
 Confusing Touch          Hex            14%        N/A       13%         3
 Tukima's Dance           Hex            14%        N/A       13%         3
 Ensorcelled Hibernation  Hex/Ice        16%        N/A       14%         2
 Dazzling Flash           Conj/Hex       16%        N/A       26%         3


Dungeon Overview and Level Annotations

Branches:
Dungeon (1/15)

Altars:


Innate Abilities, Weirdness & Mutations

You are very small and have problems with some larger weapons.
You are too small for most types of armour.
You have supernaturally acute eyesight. (SInv)
You cover ground extremely quickly. (Speed+++)


Message History

You hit the jackal but do no damage.
The jackal is heavily wounded.
The jackal bites you.
You hit the jackal.
You kill the jackal!
You see here a jackal corpse.
You see here a jackal corpse.
You start resting.
A jackal is nearby!
A jackal is nearby!
The jackal barks!
The quokka completely misses you.
You hit the quokka.
The quokka is lightly wounded.
The quokka barely misses you.
You completely miss the quokka.
The quokka is lightly wounded.
The quokka bites you.
You hit the quokka but do no damage.
The quokka is lightly wounded.
The quokka closely misses you.
You hit the quokka but do no damage.
The quokka is lightly wounded.
The quokka misses you.
You see here a jackal corpse.
An endoplasm comes into view.
A goblin comes into view. It is wielding a +0 dagger.
A goblin comes into view. It is wielding a +0 dagger.
Found 8 stones.
The goblin shouts!
A rat comes into view.
Found a scroll of immolation.
Found a faded altar of an unknown god.
Found 6 gold pieces.
Found a scroll labelled DUXIMO VAS JUT.
The jackal barks!
You hear a shout!
You hear a bark!
You see here a jackal corpse.
The endoplasm freezes you.
You are frozen.
Ouch! That really hurt!
You die...

#......#>....J.......
#..............## ..
#..#.......#....# ..
#.###.....###...# #..
#..#.......#....##...
#........r....#......
##.#...##.....#.....r
#..J#.####..........
###@#...##h..#...g#.
#.###....##....#.#
#.# ###.....#.....
#.# ##h##.#..#.# #.#
#.r##.#....# ##.#
#.###...+.#$ #.h#
##h# #...##.. #.##
##..# ###.. .. #.#
#..## .?.


You could see an endoplasm and a jackal.

Vanquished Creatures
  2 jackals (D:1)
2 creatures vanquished.

Notes
Turn   | Place    | Note
-------+----------+-------------------------------------------
     0 | D:1      | ThatPearl the Spriggan Enchanter began the quest for the
                  | Orb.
     0 | D:1      | Reached XP level 1. HP: 9/9 MP: 5/5
   129 | D:1      | Found a faded altar of an unknown god.
   155 | D:1      | Frozen to death by an endoplasm

Illustrated notes

Levels and vault maps discovered:
D:1:      minmay_arrival_five_plusses, layout_rooms,
          hellmonk_ecumenical_altar_blasted, columned_hall_lemuel

Action                   || total
-------------------------++-------
Melee: Dagger            ||    22
Dodge: Dodged            ||    22
